 Dungeon Crawl Stone Soup version 0.31.0-32-g396128a36d (webtiles) character file.

Game seed: 7279689977158541347

529 Gabide the Conjurer (level 7, -4/61 HPs)
             Began as a Kobold Conjurer on Apr 10, 2024.
             Slain by Edmund
             ... wielding a +1 flail of distortion
              (19 damage)
             ... on level 4 of the Dungeon.
             The game lasted 00:06:20 (4606 turns).

Gabide the Conjurer (Kobold Conjurer)               Turns: 4606, Time: 00:06:22

Health: -4/61      AC:  5    Str:  4 (5)  XL:     7   Next: 48%
Magic:  11/14      EV: 14    Int: 18 (21) God:
Gold:   190        SH:  0    Dex: 10 (13) Spells: 13/16 levels left

rFire   . . .        b - +2 long sword (elec)
rCold   + . .        (no shield)
rNeg    . . .        d - +0 robe
rPois   +            e - +0 helmet
rElec   .            f - +0 cloak
rCorr   .            i - +0 pair of gloves
SInv    .            (no boots)
Will    .....        (no amulet) Stlth
                     c - ring of protection from cold
HPRegen 0.30/turn    o - ring of poison resistance
MPRegen 0.14/turn

%: no passive effects
@: brilliant, berserking, very quick
A: small, no large weapons, nightstalker 3
a: no special abilities


You were on level 4 of the Dungeon.
You visited 1 branch of the dungeon, and saw 4 of its levels.

You collected 190 gold pieces.

Inventory:

Hand Weapons
 a - a +1 short sword
 b - a +2 long sword of electrocution (weapon)
Armour
 d - a +0 robe (worn)
 e - a +0 helmet (worn)
 f - a +0 cloak (worn)
 i - a +0 pair of gloves (worn)
Jewellery
 c - a ring of protection from cold (left hand)
 o - a ring of poison resistance (right hand)
 q - an amulet of guardian spirit
 s - a +6 ring of dexterity
Scrolls
 g - a scroll of vulnerability
 n - a scroll of silence
Potions
 h - 2 potions of heal wounds
 l - a potion of magic
 m - a potion of haste {unknown}
 p - 2 potions of brilliance
 r - a potion of curing {unknown}


   Skills:
 - Level 3.0 Fighting
 - Level 3.0 Dodging
 - Level 3.0 Stealth
 * Level 5.3 Spellcasting
 - Level 6.0 Conjurations


You had 13 spell levels left.
You knew the following spells:

 Your Spells              Type           Power      Damage    Failure   Level
a - Magic Dart            Conj           100%       1d8       1%          1
b - Searing Ray           Conj           78%        2d7       1%          2

Your spell library contained the following spells:

 Spells                   Type           Power      Damage    Failure   Level
 Dazzling Flash           Conj/Hex       46%        N/A       12%         3
 Hailstorm                Conj/Ice       23%        3d7       12%         3
 Freeze                   Ice            28%        1d5       13%         1
 Mephitic Cloud           Conj/Alch/Air  17%        N/A       17%         3
 Ensorcelled Hibernation  Hex/Ice        14%        N/A       21%         2
 Frozen Ramparts          Ice            14%        1d3       36%         3
 Gell's Gravitas          Tloc           7%         N/A       36%         3
 Passwall                 Erth           7%         N/A       36%         3
 Swiftness                Air            7%         N/A       36%         3
 Teleport Other           Tloc           7%         N/A       36%         3
 Fulminant Prism          Conj/Alch      11%        3d9       36%         4
 Iskenderun's Mystic Bla  Conj/Tloc      23%        2d6       36%         4
 Curse of Agony           Necr           7%         N/A       98%         5
 Silence                  Hex/Air        3%         N/A       98%         5
 Dispersal                Tloc           3%         N/A       100%        6


Dungeon Overview and Level Annotations

Branches:
Dungeon (4/15)
 Temple: D:4-7

Altars:
Nemelex Xobeh
Xom

Shops:
D:3 [

Annotations:
D:4 Edmund, Eustachio


Innate Abilities, Weirdness & Mutations

You are small and have problems with some larger weapons.
You are completely attuned to the shadows.


Message History

The ribbon worm is severely wounded.
The searing ray hits the ribbon worm!
You kill the ribbon worm!
You finish channelling your searing ray.
Edmund and a goblin come into view.
Edmund is wielding a +1 flail of distortion.
Press: ? - help, v - describe, . - travel
Here: Edmund, wielding a +1 flail of distortion and wearing a +0 leather armour (asleep)
The floor.
Unknown command.
Okay, then.
Unknown command.
The goblin shouts!
Edmund shouts!
You hear a shout!
The searing ray hits the goblin.
The goblin is severely wounded. (Press . to maintain the ray.)
The searing ray hits the goblin.
You kill the goblin!
Okay, then.
Okay, then.
Okay, then.
You aren't carrying any items that you can evoke.
It was a potion of brilliance.
You feel clever all of a sudden.
Edmund hits you with a +1 flail of distortion.
Space warps around you.
Eustachio the Magnificent comes into view.
He is wielding a +0 rapier.
Okay, then.
It was a potion of degeneration.
There was something very wrong with that liquid.
You feel weakened.
You feel dopey.
You feel clumsy.
Edmund hits you with a +1 flail of distortion!
Space warps horribly around you!
A red film seems to cover your vision as you go berserk!
You feel yourself moving faster!
You feel mighty!
Edmund hits you with a +1 flail of distortion.
* * * LOW HITPOINT WARNING * * *
Space warps horribly around you!!
You die...
Edmund says, "I'd like to see a scythe do that!"

...... .. .#@#.#.#
.. ...).#.# ..
...#@#.# .. ....@#.#
.. ...#.#.####### ..
.............. ..
...#.....##... .....
.............. ....
.#.#.....##### ##..#
............####..##
#.....##.........
#................


You could see Edmund and Eustachio.

Vanquished Creatures
  Menkaure (D:4)
  Blork the orc (D:4)
  3 bombardier beetles
  A hound (D:4)
  An orc priest (D:3)
  Robin (D:1)
  5 adders
  3 gnolls (D:4)
  2 dart slugs
  4 ribbon worms
  4 orcs (D:3)
  5 ball pythons
  4 endoplasms
  2 giant cockroaches
  18 goblins
  8 hobgoblins
  2 quokkas
  6 bats
  2 frilled lizards
  13 kobolds
  4 rats
90 creatures vanquished.

Notes
Turn   | Place    | Note
-------+----------+-------------------------------------------
     0 | D:1      | Gabide the Kobold Conjurer began the quest for the Orb.
     0 | D:1      | Reached XP level 1. HP: 10/10 MP: 3/3
   302 | D:1      | Reached XP level 2. HP: 15/15 MP: 1/5
   900 | D:1      | Reached XP level 3. HP: 20/20 MP: 3/6
  1115 | D:2      | Found a faded altar of an unknown god.
  1133 | D:2      | Learned a level 2 spell: Searing Ray
  1165 | D:2      | Noticed Robin
  1194 | D:1      | Killed Robin
  1195 | D:1      | Reached skill level 1 in Fighting
  1417 | D:2      | Reached XP level 4. HP: 25/25 MP: 2/8
  2558 | D:3      | Reached XP level 5. HP: 19/30 MP: 2/10
  2835 | D:3      | Found a shimmering altar of Xom.
  2875 | D:3      | Found a sparkling altar of Nemelex Xobeh.
  2945 | D:3      | Found Asheetus's Armour Shoppe.
  3092 | D:3      | Reached skill level 5 in Conjurations
  3609 | D:3      | Reached XP level 6. HP: 35/35 MP: 8/11
  4130 | D:4      | Noticed Blork the orc
  4141 | D:4      | Killed Blork the orc
  4261 | D:4      | Reached XP level 7. HP: 40/40 MP: 10/13
  4464 | D:4      | Noticed Menkaure
  4471 | D:4      | Killed Menkaure
  4472 | D:4      | Reached skill level 5 in Spellcasting
  4472 | D:4      | Reached skill level 6 in Conjurations
  4597 | D:4      | Noticed Edmund
  4604 | D:4      | Noticed Eustachio
  4606 | D:4      | Slain by Edmund

Illustrated notes

Levels and vault maps discovered:
D:1:      nzn_arrival_water_spiral, layout_rooms
D:2:      layout_loops_ring, nicolae_ecumenical_pavilion,
          minmay_small_reverse_x, uniq_robin
D:3:      layout_loops_ring, old_standard_altar, lemuel_crystal_altar,
          serial_shops, shop, serial_rivers, chequers_serial_rivers_micro_a,
          chequers_serial_rivers_micro_d, chequers_serial_rivers_large_a,
          chequers_serial_rivers_small_b, chequers_serial_rivers_micro_d
D:4:      layout_rooms, minmay_temple_entry_glass, uniq_edmund, uniq_eustachio,
          uniq_menkaure, uniq_blork_the_orc

Skill      XL: |  1  2  3  4  5  6  7 |
---------------+----------------------+-----
Stealth        | 3 |  3.0
Fighting       | 1 2 3 |  3.0
Dodging        | 3 |  3.0
Spellcasting   | 3 4 5 |  5.3
Conjurations   | 5 6 |  6.0

Action                     |  1- 3 |  4- 6 |  7- 9 || total
---------------------------+-------+-------+-------++-------
  Melee: Dagger            |     7 |       |       ||     7
         Short sword       |    12 |     6 |       ||    18
         Long sword        |       |     8 |       ||     8
   Cast: Magic Dart        |    65 |    66 |       ||   131
         Searing Ray       |       |    18 |     6 ||    24
    Use: Scroll            |     4 |     6 |       ||    10
         Potion            |       |       |     3 ||     3
 Armour: Robe              |     7 |    14 |     4 ||    25
  Dodge: Dodged            |    19 |    25 |       ||    44
